AoeStats
← HonorBitch

Arabia

509212495Analyzed
4v4 RM · 6d ago on Sep 25, 2026· 46m 49s· 8 players
Game mode
Random Map
Map size
Large (8 player)
Population
200
Speed
Normal
Resources
Standard
Victory
Conquest
Starting age
Dark Age
Ending age
Imperial Age
RankedLock teamsTeams togetherTeam positionsShared explorationLock speedFull tech treeHidden civsTurbo modeCheats
Victory
Defeat
🇺🇾 Berbers · Uruguay
1056
+9
🇺🇾 Magyars · Uruguay
1019
+10
🇪🇸 Goths · Spain
1003
+11
🇪🇸 Mongols · Spain
718
+23
🇲🇽 Franks · Mexico
906
-14
🇲🇽 Romans · Mexico
905
-14
🇵🇷 Persians · Puerto Rico
878
-13
🇺🇸 Britons · United States
856
-12
yamir0000
3:50 Loom
11:55 Feudal Age
12:47 Double-Bit Axe
15:45 Wheelbarrow
20:10 Castle Age
18:58 Scale Barding Armor
19:05 Forging
20:38 Bloodlines
20:27 Gold Mining
23:04 Bow Saw
26:05 Gold Shaft Mining
25:33 Stone Mining
29:37 Kamandaran
31:11 Chain Barding Armor
31:28 Iron Casting
30:43 Fletching
30:54 Padded Archer Armor
31:38 Husbandry
32:33 Crossbowman
34:34 Bodkin Arrow
36:33 Leather Archer Armor
36:39 Horse Collar
41:53 Imperial Age
39:45 Hand Cart
43:41 Conscription
45:36 Thumb Ring
45:24 Elite War Elephant
JamesTKirk
11:24 Feudal Age
12:38 Double-Bit Axe
14:45 Horse Collar
18:19 Castle Age
18:00 Gold Mining
19:29 Bow Saw
21:49 Gold Mining
23:52 Gold Shaft Mining
32:20 Wheelbarrow
Yomokillroy
0:42 Loom
0:48 Loom
12:34 Feudal Age
14:59 Double-Bit Axe
21:43 Wheelbarrow
21:31 Horse Collar
21:55 Stone Mining
23:05 Gold Mining
26:27 Castle Age
26:16 Padded Archer Armor
26:06 Fletching
26:18 Scale Mail Armor
26:38 Forging
27:04 Scale Barding Armor
26:56 Arson
27:59 Squires
27:19 Pikeman
28:56 Bow Saw
36:20 Chain Mail Armor
36:21 Leather Archer Armor
37:34 Heavy Plow
39:09 Yeomen
41:28 Imperial Age
40:07 Bodkin Arrow
41:05 Ballistics
40:26 Treadmill Crane
41:33 Iron Casting
41:23 Chain Barding Armor
41:44 Halberdier
43:56 Hand Cart
VALAZZU
0:30 Loom
11:41 Feudal Age
13:31 Town Watch
15:43 Wheelbarrow
20:09 Arson
20:21 Man-at-Arms
27:57 Castle Age
28:46 Husbandry
29:11 Squires
28:34 Pikeman
Danzer
12:13 Feudal Age
10:36 Loom
17:46 Castle Age
15:50 Horse Collar
19:16 Double-Bit Axe
20:14 Heavy Plow
21:19 Bow Saw
25:10 Man-at-Arms
26:04 Scale Mail Armor
28:32 Wheelbarrow
27:43 Town Watch
28:26 Forging
28:32 Chain Mail Armor
27:43 Long Swordsman
33:15 Iron Casting
35:04 Hand Cart
35:14 Squires
38:43 Imperial Age
36:48 Anarchy
36:57 Gold Mining
38:35 Town Patrol
40:30 Blast Furnace
40:04 Crop Rotation
40:42 Two-Man Saw
39:53 Perfusion
39:17 Elite Huskarl
40:17 Conscription
40:04 Two-Handed Swordsman
elgs
8:51 Loom
11:37 Feudal Age
12:19 Double-Bit Axe
16:48 Wheelbarrow
17:02 Horse Collar
22:55 Castle Age
21:08 Gold Mining
27:28 Bow Saw
27:58 Scale Barding Armor
28:02 Husbandry
33:09 Chain Barding Armor
33:13 Heavy Plow
34:48 Town Watch
35:20 Hand Cart
36:20 Corvinian Army
37:11 Pikeman
37:37 Arson
38:03 Scale Mail Armor
42:44 Imperial Age
43:28 Elite Magyar Huszar
44:30 Conscription
44:46 Hoardings
43:56 Halberdier
44:57 Chain Mail Armor
45:49 Block Printing
46:00 Illumination
45:57 Block Printing
HonorBitch
12:01 Feudal Age
10:17 Loom
14:37 Wheelbarrow
19:48 Man-at-Arms
20:14 Arson
25:53 Forging
25:44 Scale Mail Armor
29:26 Castle Age
30:43 Padded Archer Armor
30:34 Fletching
31:49 Long Swordsman
32:31 Squires
35:01 Leather Archer Armor
37:48 Bodkin Arrow
38:10 Chain Mail Armor
39:48 Pikeman
VitoPedroPiranha
0:29 Loom
12:57 Feudal Age
13:52 Double-Bit Axe
22:34 Castle Age
21:11 Forging
21:11 Gold Mining
22:12 Bloodlines
21:50 Horse Collar
22:36 Scale Barding Armor
24:25 Iron Casting
24:48 Husbandry
27:12 Chain Barding Armor
28:24 Wheelbarrow
34:00 Light Cavalry
46:18 Imperial Age
Connection lost

Rejoining the realm…

Still unreachable

The connection could not be restored.

Session expired

The server has moved on; the page needs a fresh start.